 Dungeon Crawl Stone Soup version 0.25.1-2-g60ff931df9 (webtiles) character file.

Game seed: 9637114888700325735

646 1player the Chopper (level 7, -6/55 HPs)
             Began as a Formicid Abyssal Knight on Aug 5, 2020.
             Was a Believer of Lugonu.
             Mangled by Menkaure (10 damage)
             ... on level 4 of the Dungeon.
             The game lasted 00:16:54 (4729 turns).

1player the Chopper (Formicid Abyssal Knight)       Turns: 4729, Time: 00:16:54

Health: -6/55      AC:  8    Str: 17 (19) XL:     7   Next: 82%
Magic:  10/10      EV: 11    Int: 10 (11) God:    Lugonu [**....]
Gold:   180        SH:  0    Dex:  8 (10) Spells: 6/6 levels left

rFire    + . .     SeeInvis +   a - +1 hand axe
rCold    . . .     Gourm    .   (no shield)
rNeg     . . .     Faith    .   F - +0 ring mail
rPois    .         Spirit   .   (helmet unavailable)
rElec    .         Reflect  .   n - +0 cloak
rCorr    .         Harm     .   (no gloves)
MR       .....                  t - +1 pair of boots
Stlth    ..........             (no amulet)
HPRegen  0.18/turn              j - ring of protection from fire
MPRegen  0.12/turn              (no ring)

@: no status effects
A: permanent stasis, dig shafts and tunnels, four strong arms, antennae 3
a: Dig, Shaft Self, Depart the Abyss, Bend Space, Renounce Religion


You were on level 4 of the Dungeon.
You worshipped Lugonu.
Lugonu was pleased with you.
You were not hungry.

You visited 1 branch of the dungeon, and saw 4 of its levels.
You visited the Abyss 1 time.

You collected 180 gold pieces.

Inventory:

Hand Weapons
 a - a +1 hand axe (weapon)
Armour
 n - a +0 cloak (worn)
 t - a +1 pair of boots (worn)
 F - a +0 ring mail (worn)
Jewellery
 j - a ring of protection from fire (left hand)
Wands
 D - a wand of flame (7)
Scrolls
 f - 2 scrolls of remove curse {@r2}
 m - 2 scrolls of magic mapping
 p - a scroll of enchant armour
 r - a scroll of noise {unknown}
 s - a scroll of enchant weapon {unknown}
 u - a scroll of fog {unknown}
 y - a scroll of blinking {unknown}
 B - a scroll of fear {unknown}
Potions
 i - a potion of stabbing {unknown}
 k - 2 potions of flight
 w - a potion of lignification {unknown}
 A - 2 potions of brilliance
 C - a potion of magic
Comestibles
 e - 3 rations {!d}
 E - 2 chunks of flesh


   Skills:
 + Level 4.6 Fighting
 + Level 6.2 Axes
 - Level 2.1 Armour
 - Level 2.3 Dodging
 + Level 4.5 Invocations


You had 6 spell levels left.
You didn't know any spells.
Your spell library was empty.

Dungeon Overview and Level Annotations

Branches:
Dungeon (4/15)
 Temple: D:4-7

Altars:

Annotations:
D:4 2 transporters, Menkaure


Innate Abilities, Weirdness & Mutations

You cannot be hasted, slowed, berserked, paralysed or teleported.
You can dig through walls and to a lower floor.
Your four strong arms can wield two-handed weapons with a shield.
You have a pair of large antennae on your head. (SInv)


Message History

You slash Menkaure!
Menkaure is moderately damaged.
Menkaure calls on the powers of darkness!
Your body is wracked with pain!
* * * LOW HITPOINT WARNING * * *
Menkaure misses you.
Okay, then.
You hit Menkaure but do no damage.
Menkaure is moderately damaged.
Menkaure hits you!
* * * LOW HITPOINT WARNING * * *
You hit Menkaure but do no damage.
Menkaure is moderately damaged.
Menkaure calls on the powers of darkness!
Your body is wracked with pain!
* * * LOW HITPOINT WARNING * * *
You barely miss Menkaure.
Menkaure is moderately damaged.
Menkaure hits you!
You die...

###.####### ........@.#
.##.#####M###############
...M....................
.#.#####.############...
#.############...
.#.#####.#...........#..
.......................#
.#.#####.#........<....#
#.###...####.....


You could see Menkaure (fast).

Vanquished Creatures
  Grinder (D:3)
  Sigmund (D:3)
  An orc wizard (D:3)
  Jessica (D:2)
  Ijyb (D:3)
  A worker ant (D:4)
  9 adders
  2 oozes
  5 dart slugs
  4 leopard geckos
  3 orcs (D:3)
  6 giant cockroaches
  11 goblins
  9 hobgoblins
  4 jackals
  3 quokkas
  A ball python (D:1)
  4 bats
  2 frilled lizards (D:1)
  9 kobolds
  A leopard gecko skeleton (D:4)
  8 rats
87 creatures vanquished.

Notes
Turn   | Place    | Note
-------+----------+-------------------------------------------
     0 | Abyss:1  | 1player the Formicid Abyssal Knight began the quest for the
                  | Orb.
     0 | Abyss:1  | Reached XP level 1. HP: 18/18 MP: 2/2
    53 | Abyss:1  | Noticed a freezing wraith
    56 | D:1      | Escaped the Abyss
   194 | D:1      | Reached skill level 1 in Dodging
   291 | D:1      | Reached XP level 2. HP: 20/24 MP: 3/3
   594 | D:1      | Reached * piety under Lugonu
   800 | D:1      | Reached XP level 3. HP: 29/29 MP: 4/4
  1054 | D:1      | Reached skill level 3 in Axes
  1189 | D:2      | Noticed Jessica
  1576 | D:2      | Reached XP level 4. HP: 31/37 MP: 5/5
  2060 | D:2      | Killed Jessica
  2060 | D:2      | Reached XP level 5. HP: 41/42 MP: 6/6
  2179 | D:2      | Reached ** piety under Lugonu
  2378 | D:2      | Reached skill level 4 in Axes
  2994 | D:3      | Reached XP level 6. HP: 48/48 MP: 7/7
  3085 | D:3      | Noticed Grinder
  3113 | D:3      | Killed Grinder
  3113 | D:3      | Reached skill level 5 in Axes
  3113 | D:3      | Reached XP level 7. HP: 21/54 MP: 7/9
  3308 | D:3      | Noticed Sigmund
  3330 | D:3      | Killed Sigmund
  3330 | D:3      | Reached skill level 6 in Axes
  3688 | D:3      | Noticed Ijyb
  3714 | D:3      | Killed Ijyb
  4352 | D:4      | Found a transporter.
  4653 | D:4      | Found a transporter.
  4654 | D:4      | Noticed a fire bat
  4713 | D:4      | Noticed Menkaure
  4729 | D:4      | Mangled by Menkaure

Illustrated notes

Levels and vault maps discovered:
D:1:      beargit_arrival_greenhouse, layout_basic, minmay_fountain_box,
          grunt_decor_one_mirror
D:2:      layout_basic, uniq_jessica
D:3:      layout_loops_corners, uniq_grinder, uniq_sigmund, uniq_ijyb
D:4:      gammafunk_cloud_chamber, layout_basic, ebering_ghost_rock_garden,
          uniq_menkaure

Skill      XL: |  1  2  3  4  5  6  7 |
---------------+----------------------+-----
Dodging        | 1 2 |  2.3
Axes           | 3 4 5 6 |  6.2
Fighting       | 4 |  4.6
Invocations    | 3 4 |  4.5
Armour         | |  2.1

Action                   |  1- 3 |  4- 6 |  7- 9 || total
-------------------------+-------+-------+-------++-------
Melee: Hand axe          |    99 |   148 |   101 ||   348
Invok: Depart the Abyss  |     1 |       |       ||     1
  Use: Scroll            |     2 |     3 |     3 ||     8
       Potion            |       |     1 |     1 ||     2
  Eat: Chunk             |     1 |     3 |     2 ||     6
       Ration            |     1 |       |     1 ||     2
Armor: Leather armour    |    29 |    44 |    19 ||    92
       Ring mail         |       |       |     4 ||     4
Dodge: Dodged            |    52 |    96 |    40 ||   188
